 Dungeon Crawl Stone Soup version 0.25-a0-167-g836c352ace (webtiles) character file.

Game seed: 17442350213579581814, levelgen mode: deterministic

480 MisterFreud the Nimble (level 6, -1/30 HPs)
             Began as a Felid Wanderer on Nov 25, 2019.
             Was a Follower of Uskayaw.
             Slain by a gnoll sergeant
             ... wielding a +1 spear of flaming
              (4 damage)
             ... on level 6 of the Dungeon.
             The game lasted 00:12:58 (6672 turns).

MisterFreud the Nimble (Felid Wanderer)             Turns: 6672, Time: 00:12:59

Health: -1/30      AC:  2    Str:  7    XL:     6   Next: 86%
Magic:  10/10      EV: 27    Int: 13    God:    Uskayaw [*.....]
Gold:   104        SH:  3    Dex: 19    Spells: 5/5 levels left
                                        Lives:  0   Deaths: 2

rFire    . . .     SeeInvis +     - Unarmed
rCold    . . .     Gourm    .   (shield unavailable)
rNeg     + . .     Faith    .   (armour unavailable)
rPois    .         Spirit   .   (helmet unavailable)
rElec    .         Reflect  +   (cloak unavailable)
rCorr    .         Harm     .   (gloves unavailable)
MR       .....                  (boots unavailable)
Stlth    ++........             k - +3 amulet of reflection
HPRegen  0.10/turn              h - ring of positive energy
MPRegen  0.12/turn              (no ring)

@: quick
A: very small, no armour, no weapons or thrown items, stealth, claws 1, fangs 3,
see invisible, carnivore, speed 1, shaggy fur 2, slow metabolism 1, sharp paws
a: Stomp, Renounce Religion


You were on level 6 of the Dungeon.
You worshipped Uskayaw.
Uskayaw was noncommittal.
You were very full.

You visited 2 branches of the dungeon, and saw 7 of its levels.

You collected 300 gold pieces.
You spent 196 gold pieces at shops.

Inventory:

Jewellery
 h - a ring of positive energy (left paw)
 j - an uncursed ring of fire
 k - a +3 amulet of reflection (around neck)
Wands
 i - a wand of polymorph (11)
 m - a wand of disintegration (8)
Scrolls
 a - 2 scrolls of blinking
 c - 5 scrolls of teleportation
 e - 3 scrolls of amnesia {unknown}
 f - a scroll of remove curse
 g - 6 scrolls of identify
 o - 2 scrolls of enchant armour {unknown}
 p - a scroll of magic mapping
Potions
 b - 2 potions of might
 l - 2 potions of curing
 n - a potion of invisibility
Comestibles
 d - 17 rations


   Skills:
 - Level 5.0 Fighting
 - Level 10.0 Dodging
 - Level 1.3 Stealth
 - Level 3.0 Unarmed Combat
 + Level 4.4 Invocations
 - Level 1.1 Evocations


You had 5 spell levels left.
You didn't know any spells.
Your spell library contained the following spells:

 Spells                   Type           Power        Failure   Level  Hunger
 Magic Dart               Conj           #...         30%         1    ##.....
 Searing Ray              Conj           #.....       43%         2    ###....
 Dazzling Spray           Conj/Hex       #.....       67%         3    ####...
 Force Lance              Conj/Tloc      #.......     97%         4    #####..
 Fulminant Prism          Conj/Hex       #.........   97%         4    #####..
 Iskenderun's Mystic Bla  Conj           #.......     97%         4    #####..


Dungeon Overview and Level Annotations

Branches:
Dungeon (6/15)             Temple (1/1) D:5

Altars:
Ashenzari
Cheibriados
Dithmenos
Elyvilon
Fedhas
Hepliaklqana
Makhleb
Nemelex Xobeh
Qazlal
Ru
Trog
Uskayaw
Vehumet
Wu Jian
Xom
Zin
The Shining One

Shops:
D:4 }*=   D:5 !

Annotations:
D:3 Grinder


Innate Abilities, Weirdness & Mutations

You cannot wear armour.
You are incapable of wielding weapons or throwing items.
Your paws allow you to move quietly. (Stealth)
You have sharp claws.
You have razor-sharp teeth.
You have supernaturally acute eyesight. (SInv)
You are carnivorous and can eat meat at any time.
You cover ground quickly.
You are covered in thick fur. (AC +2)
You have a slow metabolism.
Your sharp claws are effective at attacking unaware monsters.


Message History

The gnoll sergeant barely misses you. The gnoll barely misses you.
You barely miss the gnoll.
The gnoll is moderately wounded.
The gnoll sergeant hits you from afar with a +1 spear of flaming.
The gnoll sergeant burns you.
You scratch the gnoll. You bite the gnoll, but do no damage.
The gnoll is severely wounded.
The gnoll closely misses you.
The gnoll sergeant hits you from afar with a +1 spear of flaming.
The gnoll sergeant burns you.
You scratch the gnoll.
The gnoll is almost dead.
You block the gnoll's attack. You block the gnoll sergeant's attack.
You scratch the gnoll.
The gnoll is almost dead.
The gnoll completely misses you.
The gnoll sergeant hits you from afar with a +1 spear of flaming!
* * * LOW HITPOINT WARNING * * *
The gnoll sergeant burns you.
You die...

#####.# ....#.#
###.#.# # #.#.# #
#.#.# # #.#.# # #.#.#
###.#.#############.#
.<..#...........@ggg#
###.#.#############g#
#.#.# #####


You could see a gnoll sergeant and 3 gnolls.

Vanquished Creatures
  Sigmund (D:4)
  A sky beast (D:5)
  A centaur (D:5)
  A howler monkey (D:4)
  2 crimson imps (D:5)
  2 hounds
  An orc priest (D:5)
  4 orc wizards
  An iguana (D:5)
  Terence (D:2)
  Natasha (thrice) (D:2)
  A worker ant (D:4)
  A hound skeleton (D:5)
  4 adders
  A shadow imp (D:5)
  4 adder skeletons
  3 worms
  A dart slug (D:1)
  3 leopard geckos
  11 orcs
  A ball python (D:2)
  7 bats
  5 giant cockroaches
  2 goblins
  6 hobgoblins
  4 jackals (D:4)
  3 quokkas
  6 frilled lizards
  9 kobolds
  A leopard gecko skeleton (D:4)
  2 quokka skeletons
  10 rats
103 creatures vanquished.

Notes
Turn   | Place    | Note
-------+----------+-------------------------------------------
     0 | D:1      | MisterFreud the Felid Wanderer began the quest for the Orb.
     0 | D:1      | MisterFreud set off with the following items: 2 scrolls of
                  | blinking, a potion of lignification, a scroll of
                  | teleportation, a ration
     0 | D:1      | Reached XP level 1. HP: 12/12 MP: 2/2
    31 | D:1      | Reached skill level 1 in Dodging
   196 | D:1      | Reached skill level 2 in Dodging
   203 | D:1      | Reached XP level 2. HP: 16/16 MP: 3/3
   796 | D:1      | Reached skill level 3 in Dodging
   866 | D:2      | Noticed Natasha
   866 | D:2      | You fall into a shaft and drop 2 floors!
   895 | D:4      | Noticed a howler monkey
   906 | D:4      | Killed a howler monkey
   906 | D:4      | Reached skill level 4 in Dodging
   906 | D:4      | Reached XP level 3. HP: 15/19 MP: 4/4
   909 | D:4      | Reached skill level 5 in Dodging
   909 | D:4      | Reached XP level 4. HP: 16/23 MP: 5/5
  1158 | D:4      | Found Vasuxt's Gadget Shop.
  1199 | D:4      | Reached skill level 6 in Dodging
  1199 | D:4      | Reached XP level 5. HP: 25/26 MP: 6/6
  1278 | D:4      | Found Lelebruc's General Store.
  1286 | D:4      | Bought a scroll of teleportation for 42 gold pieces
  1419 | D:4      | Noticed an ice beast
  1457 | D:4      | Noticed Sigmund
  2092 | D:2      | Killed Natasha
  2092 | D:2      | Reached skill level 7 in Dodging
  2124 | D:2      | Noticed Terence
  2175 | D:2      | Killed Terence
  2389 | D:2      | Noticed Natasha
  2410 | D:2      | Killed Natasha
  2723 | D:2      | Noticed Natasha
  2750 | D:2      | Killed Natasha
  2750 | D:2      | Gained mutation: You are covered in thick fur. (AC +2)
                  | [Felid growth]
  2750 | D:2      | Reached XP level 6. HP: 25/30 MP: 7/7
  2865 | D:3      | Reached skill level 8 in Dodging
  3080 | D:3      | Found a shimmering altar of Xom.
  3345 | D:3      | Noticed Grinder
  3356 | D:3      | Slain by Grinder
  3357 | D:3      | Reached XP level 5. HP: -5/26 MP: 6/6
  3835 | D:3      | Paralysed by Grinder for 7 turns
  4098 | D:4      | Found Jehiek's Jewellery Shop.
  4635 | D:4      | Killed Sigmund
  4635 | D:4      | Reached skill level 9 in Dodging
  4635 | D:4      | Reached XP level 6. HP: 10/30 MP: 7/7
  5066 | D:5      | Entered Level 5 of the Dungeon
  5321 | D:5      | Found a staircase to the Ecumenical Temple.
  5538 | Temple   | Entered the Ecumenical Temple
  5646 | Temple   | Became a worshipper of Uskayaw the Reveler
  5729 | D:5      | Reached * piety under Uskayaw
  5730 | D:5      | Reached ** piety under Uskayaw
  5740 | D:5      | Reached *** piety under Uskayaw
  5741 | D:5      | Reached skill level 10 in Dodging
  5745 | D:5      | Noticed a sky beast
  5791 | D:5      | Reached skill level 1 in Invocations
  5798 | D:5      | Reached **** piety under Uskayaw
  5807 | D:5      | Reached ***** piety under Uskayaw
  5809 | D:5      | Reached XP level 7. HP: 26/33 MP: 7/9
  5827 | D:5      | Reached ****** piety under Uskayaw
  5913 | D:5      | Shot with an arrow by a centaur
  5914 | D:5      | Reached XP level 6. HP: -4/30 MP: 9/9
  5992 | D:5      | Found Gyroadotoe's Distillery.
  5998 | D:5      | Bought a potion of curing for 33 gold pieces
  5998 | D:5      | Bought a potion of curing for 33 gold pieces
  5998 | D:5      | Bought a potion of invisibility for 88 gold pieces
  6320 | D:5      | Found a bloodstained altar of Trog.
  6321 | D:5      | Found a sparkling altar of Nemelex Xobeh.
  6672 | D:6      | Slain by a gnoll sergeant

Levels and vault maps discovered:
D:1:      dpeg_arrival_central, layout_basic
D:2:      layout_rooms, serial_rivers, chequers_serial_rivers_room_a,
          chequers_serial_rivers_micro_d, chequers_serial_rivers_micro_e,
          chequers_serial_rivers_micro_c, chequers_serial_rivers_small_a,
          uniq_terence, uniq_natasha
D:3:      layout_basic, tgw_xom, first_ration,
          hangedman_abyss_or_decor_lesser_grid, chequers_jeans, uniq_grinder
D:4:      layout_loops_ring, serial_shops, shop, nicolae_shop_crystal,
          nicolae_shop_statue_plus, kennysheep_windowed_goal, uniq_sigmund
D:5:      layout_basic, minitemple, temple_fountains, serial_shops,
          nicolae_shop_behind_doors, minmay_fractal_squares_diagonal_5
D:6:      layout_basic, serial_shops, nicolae_shop_trees, trog_butcher_becter
Temple:   dpeg_five_rooms_temple

Skill      XL: |  1  2  3  4  5  6  7 |
---------------+----------------------+-----
Dodging        | 2 4 5 6 9 10 | 10.0
Invocations    | 4 3 |  4.4
Fighting       | |  5.0
Stealth        | |  1.3
Unarmed Combat | |  3.0
Evocations     | |  1.1

Action                   |  1- 3 |  4- 6 |  7- 9 || total
-------------------------+-------+-------+-------++-------
Melee: Unarmed           |    61 |   488 |    19 ||   568
       Bite              |     2 |    47 |       ||    49
       Punch             |       |     3 |       ||     3
Invok: Stomp             |       |     2 |       ||     2
Evoke: Wand              |       |     4 |     1 ||     5
  Use: Potion            |     1 |     5 |       ||     6
       Scroll            |       |     7 |       ||     7
 Stab: Sleeping          |     4 |     5 |       ||     9
       Distracted        |       |     1 |       ||     1
       Paralysed         |       |     4 |     1 ||     5
  Eat: Chunk             |     5 |    20 |       ||    25
Armor: Skin              |    17 |    34 |     1 ||    52
Dodge: Dodged            |    43 |   341 |    13 ||   397
Block: Other             |       |    35 |     1 ||    36
       Reflection        |       |     3 |       ||     3

Table legend:
 A = Non-vault XP
 B = Vault XP
 C = Vault XP percentage of total XP
 D = Non-vault monster count
 E = Vault monster count
 F = Vault count percentage of total count
                 A         B        C        D         E       F
            +---------+---------+-------+---------+---------+-------
      Total |     774 |     560 |  42.0 |      89 |      14 |  13.6
            +---------+---------+-------+---------+---------+-------
        D:1 |      24 |       0 |   0.0 |      13 |       0 |   0.0
        D:2 |     118 |      69 |  36.9 |      19 |       2 |   9.5
        D:3 |      54 |       6 |  10.0 |      17 |       5 |  22.7
        D:4 |     247 |     220 |  47.1 |      23 |       1 |   4.2
        D:5 |     331 |     265 |  44.5 |      17 |       6 |  26.1
            +---------+---------+-------+---------+---------+-------
